Map: Paisaje nocturno EE

Players

TRANCE

  • Race: Terran Terran

antonio

  • Race: Terran Terran

JOTASED - Winner!

  • Race: Protoss Protoss

GarHaM - Winner!

  • Race: Protoss Protoss

VOD

Have the link to the VOD?

Description

Time

  • Played on: Aug. 24, 2021, 9:15 p.m.
  • Length: 22:51
Show
View Real Time Build Order
Export as new Build Order

TRANCE Terran 

Build Orders:  

Get SALT Encoding   

  12  0:01  SCV  
  13  0:13  SCV  
  14  0:21  Supply Depot  
  14  0:28  Refinery  
  14  0:29  SCV  
  15  0:43  SCV  
  15  0:48  Barracks  
  16  0:55  SCV  
  17  1:07  SCV  
  18  1:12  Refinery  
  18  1:19  SCV  
  19  1:35  Orbital Command  
  19  1:40  Factory  
  19  1:48  Reaper  
  20  1:56  Engineering Bay  
  20  2:05  SCV  
  21  2:17  SCV  
  21  2:19  Supply Depot  
  22  2:29  SCV  
  23  2:31  Starport  
  23  2:40  Missile Turret  
  23  2:41  SCV  
  24  2:53  SCV  
  24  2:54  Supply Depot  
  25  3:14  Fusion Core  
  24  3:27  Starport Tech Lab, Widow Mine  
  26  3:49  Widow Mine  
  28  4:03  Command Center  
  28  4:06  Battlecruiser  
  34  4:13  Weapon Refit  
  34  4:28  Missile Turret  
  34  4:55  Command Center  
  34  5:10  Battlecruiser  
  40  5:45  Orbital Command  
  40  6:02  Refinery  
  40  6:03  SCV  
  41  6:08  Missile Turret  
  41  6:12  Refinery  
  41  6:15  SCV  
  42  6:27  SCV  
  42  6:29  Missile Turret  
  43  6:39  SCV  
  43  6:51  Missile Turret, SCV  
  44  7:01  Widow Mine  
  46  7:02  Planetary Fortress  
  46  7:15  SCV  
  47  7:22  Widow Mine  
  49  7:27  SCV  
  50  7:30  Refinery  
  50  7:33  Refinery  
  50  7:35  Starport  
  50  7:39  SCV x2  
  50  7:42  Starport  
  50  7:44  Widow Mine  
  54  7:51  SCV  
  54  7:52  SCV  
  56  8:03  SCV  
  56  8:04  SCV  
  56  8:05  Widow Mine  
  60  8:07  SCV  
  61  8:16  SCV  
  61  8:19  SCV  
  63  8:20  Starport Tech Lab  
  63  8:21  Neosteel Armor  
  63  8:26  Widow Mine  
  65  8:28  SCV  
  65  8:31  SCV  
  67  8:34  Starport Tech Lab  
  67  8:38  Missile Turret  
  67  8:41  Sensor Tower  
  67  8:43  SCV, Starport Tech Lab  
  67  8:46  Missile Turret  
  68  8:55  SCV  
  68  8:57  Sensor Tower  
  69  9:05  Battlecruiser x2  
  69  9:07  SCV  
  82  9:20  SCV  
  83  9:25  Supply Depot  
  83  9:33  Battlecruiser  
  89  9:45  SCV  
  90  9:49  Supply Depot  
  90  9:51  Missile Turret  
  90  9:52  Armory  
  90  9:57  SCV  
  90  9:59  Armory  
  91  10:01  Hi-Sec Auto Tracking  
  91  10:11  Battlecruiser  
  91  10:12  Missile Turret, Supply Depot  
  97  10:33  Battlecruiser  
  97  10:34  Missile Turret  
  103  10:37  Supply Depot  
  103  10:39  Battlecruiser  
  91  11:24  Terran Vehicle And Ship Armor Level 1  
  91  11:25  Terran Ship Weapons Level 1, Supply Depot  
  79  11:33  Starport  
  79  11:38  Starport  
  79  11:39  Viking x2  
  83  11:43  Viking  
  85  11:59  Factory Tech Lab  
  85  12:04  SCV  
  86  12:09  Viking x3  
  86  12:12  Viking  
  94  12:16  SCV  
  95  12:27  Viking  
  95  12:28  SCV  
  98  12:36  Thor  
  104  12:39  Viking x3  
  104  12:40  SCV  
  104  12:42  Viking  
  113  12:52  SCV  
  113  12:57  Viking  
  116  13:03  SCV  
  117  13:08  Viking  
  117  13:09  Viking x2  
  123  13:12  Viking  
  123  13:15  SCV  
  123  13:19  Thor, Terran Vehicle Weapons Level 1  
  132  13:27  Viking, SCV  
  135  13:38  Raven  
  135  13:39  Viking x2  
  141  13:56  Viking, Raven  
  141  14:01  Thor  
  113  14:08  Viking  
  89  14:15  Viking  
  85  14:21  Viking  
  85  14:26  Viking  
  87  14:38  Viking  
  87  14:39  Viking  
  87  14:45  Viking  
  89  14:51  Viking  
  85  14:56  Viking  
  87  15:08  Viking  
  91  15:15  Viking  
  91  15:21  Viking  
  91  15:26  Viking  
  95  15:38  Viking  
  97  15:45  Viking  
  99  15:51  Viking  
  99  15:56  Viking  
  103  16:00  Orbital Command  
  103  16:08  Viking  
  105  16:15  Viking  
  107  16:21  Viking  
  109  16:26  Viking  
  109  16:38  Viking  
  93  16:45  Viking  
  79  16:51  Viking  
  75  16:56  Viking  
  77  17:06  Refinery  
  77  17:07  SCV  
  78  17:08  Viking  
  80  17:19  SCV  
  81  17:23  Command Center  
  81  17:31  SCV  
  81  17:33  Missile Turret  
  82  17:37  Missile Turret  
  82  17:43  SCV  
  83  17:54  Missile Turret  
  83  17:55  SCV  
  84  18:00  Missile Turret  
  78  18:09  Viking x4  
  82  18:17  Missile Turret  
  82  18:23  Missile Turret  
  82  18:39  Viking x4  
  82  18:40  Missile Turret  
  90  18:44  Missile Turret  
  74  19:00  Planetary Fortress  
  74  19:04  Missile Turret  
  74  19:07  Missile Turret  
  74  19:09  Viking x4  
  59  19:27  Hellbat  
  57  19:33  Refinery  
  57  19:35  Marine  
  52  19:39  Viking x3  
  52  19:41  SCV  
  51  19:48  Hellbat  
  48  19:53  Marine, SCV  
  10  20:35  Refinery  
  8  20:38  SCV, Refinery  
  9  20:50  SCV  
  10  21:03  SCV, Orbital Command  
  11  21:05  Barracks  
  11  21:06  Barracks x3  
  11  21:07  Barracks  
  11  21:15  SCV  
  10  21:27  SCV  
  11  21:39  SCV  
  12  21:51  SCV  
  13  21:58  Orbital Command  
  13  22:00  Marine  
  13  22:01  Marine  
  2  22:24  SCV  
  2  22:36  SCV  
Show
View Real Time Build Order
Export as new Build Order

antonio Terran 

Build Orders:  

Get SALT Encoding   

  12  0:02  SCV  
  13  0:14  SCV  
  14  0:22  Supply Depot  
  14  0:27  SCV  
  15  0:44  SCV  
  15  0:49  Refinery  
  16  0:57  Barracks  
  16  1:01  SCV  
  17  1:18  SCV  
  18  1:23  Refinery  
  18  1:30  SCV  
  19  1:36  Supply Depot  
  19  1:42  SCV  
  19  1:45  Barracks Reactor  
  20  1:56  Command Center  
  20  1:57  SCV  
  21  2:09  SCV  
  22  2:17  Factory  
  22  2:23  SCV  
  22  2:29  Reaper  
  24  2:30  Reaper  
  25  2:39  SCV  
  26  2:51  SCV  
  27  3:03  SCV  
  28  3:13  Factory Tech Lab  
  28  3:28  Starport  
  28  3:32  Siege Tank  
  28  3:33  Supply Depot  
  31  3:40  Engineering Bay  
  31  3:56  Factory  
  29  4:30  Siege Tank  
  32  4:40  SCV  
  32  4:41  Starport Reactor  
  33  4:52  SCV  
  34  4:54  Factory Tech Lab  
  34  4:56  Marine x2, Barracks  
  36  5:03  Siege Tank  
  39  5:08  Supply Depot  
  39  5:11  Orbital Command  
  39  5:19  Missile Turret  
  39  5:23  SCV  
  40  5:35  SCV  
  41  5:39  Missile Turret  
  41  5:40  Marine x2  
  43  5:43  Cyclone  
  43  5:44  Cyclone  
  49  5:51  Mag-Field Accelerator  
  49  5:57  SCV  
  50  5:58  Marine x2  
  52  6:05  Refinery  
  52  6:06  Refinery  
  52  6:08  Barracks Tech Lab  
  52  6:09  SCV  
  53  6:15  Cyclone  
  53  6:16  Marine x2  
  58  6:38  Cyclone  
  61  6:45  SCV  
  62  6:57  SCV  
  62  7:10  Orbital Command  
  62  7:53  Combat Shield  
  62  8:00  Supply Depot  
  62  8:22  SCV, Siege Tank, Command Center, Cyclone  
  69  8:32  Supply Depot  
  69  8:34  SCV  
  69  8:38  Armory  
  70  8:53  SCV  
  70  8:54  Siege Tank  
  74  9:01  Cyclone  
  77  9:20  Supply Depot  
  77  9:26  Armory  
  77  9:33  Medivac x2, Cyclone  
  77  9:35  Cyclone  
  87  9:40  Terran Vehicle And Ship Armor Level 1  
  87  9:45  Concussive Shells  
  87  10:05  Cyclone  
  90  10:20  Cyclone  
  93  10:29  Medivac x2  
  93  10:34  Terran Infantry Weapons Level 1, Supply Depot  
  97  10:37  Cyclone  
  53  11:11  Viking x2  
  57  11:20  Starport  
  57  11:24  Starport  
  57  11:28  SCV  
  58  11:40  SCV  
  58  11:44  Viking  
  58  11:45  Viking  
  63  11:49  Terran Ship Weapons Level 1  
  63  11:52  SCV  
  64  12:07  Starport Reactor  
  64  12:10  Starport Reactor  
  64  12:19  Viking x2, Supply Depot  
  64  12:22  Supply Depot  
  68  12:26  Terran Vehicle And Ship Armor Level 2  
  68  12:52  Viking x4  
  68  12:53  Viking x2  
  68  12:57  SCV  
  81  13:01  Refinery  
  81  13:02  Refinery  
  81  13:06  Supply Depot  
  81  13:09  SCV, Supply Depot  
  82  13:22  Viking x5  
  82  13:23  Viking  
  88  13:52  Viking x5  
  88  13:53  Viking  
  72  14:22  Viking  
  72  14:23  Viking x2  
  78  15:01  Viking x5  
  73  15:45  Viking x4  
  73  16:10  Orbital Command  
  48  17:04  Viking  
  48  17:05  Viking x3  
  56  17:11  Refinery  
  56  17:14  Refinery  
  56  17:26  Terran Vehicle And Ship Armor Level 3  
  56  17:51  Marine x2  
  45  18:09  Marine x2  
  45  18:26  Marine  
  45  18:27  Marine  
  43  18:44  Marine  
  44  19:00  Viking x3  
  44  19:01  Viking x2  
  161  19:02  Viking  
  56  19:33  Viking  
  56  19:34  Viking  
  37  20:23  Siege Tank x2  
  37  20:26  Marine  
  37  20:27  Marine  
  46  20:44  Viking x3  
  53  20:55  Siege Tank x2  
  47  21:34  Viking x2  
  29  22:12  Viking  
  31  22:20  Viking  
Show
View Real Time Build Order
Export as new Build Order

JOTASED Protoss - Winner!

Build Orders: 1 Gate Expand, Carriers 

Get SALT Encoding   

  12  0:05  Probe (Chrono Boost)  
  13  0:20  Pylon  
  13  0:22  Probe  
  14  0:34  Probe  
  15  0:43  Gateway  
  15  0:47  Probe  
  16  0:59  Probe  
  17  1:18  Probe (Chrono Boost)  
  17  1:21  Nexus  
  18  1:29  Probe (Chrono Boost)  
  18  1:32  Cybernetics Core  
  19  1:37  Assimilator  
  19  1:42  Assimilator, Probe  
  20  1:56  Probe  
  21  2:08  Probe  
  22  2:21  Pylon, Probe  
  23  2:27  Warp Gate (Chrono Boost)  
  23  2:33  Probe, Stalker (Chrono Boost)  
  23  2:35  Probe  
  27  2:42  Pylon  
  27  2:45  Probe  
  27  2:47  Probe  
  29  2:57  Probe  
  29  2:59  Probe  
  28  3:23  Probe  
  28  3:24  Probe  
  30  3:36  Probe  
  30  3:39  Stalker  
  33  3:45  Stargate  
  33  3:48  Stargate  
  33  3:53  Probe x2  
  35  4:02  Assimilator  
  35  4:05  Probe x2  
  37  4:18  Stalker  
  39  4:27  Void Ray (Chrono Boost)  
  39  4:28  Probe x2  
  45  4:40  Probe x2  
  45  4:45  Pylon  
  47  4:46  Void Ray (Chrono Boost)  
  47  4:48  Assimilator  
  47  4:52  Probe x2  
  53  5:05  Void Ray (Chrono Boost)  
  53  5:11  Probe x2  
  59  5:15  Pylon  
  59  5:23  Probe x2  
  61  5:30  Void Ray  
  57  5:39  Probe x2  
  63  5:44  Stalker  
  65  5:55  Nexus  
  65  5:58  Assimilator, Probe x2  
  65  6:02  Assimilator  
  67  6:04  Pylon  
  67  6:07  Pylon  
  67  6:20  Void Ray x2  
  59  6:57  Void Ray x2, Probe x2  
  57  7:05  Fleet Beacon  
  65  7:09  Probe x2  
  65  7:15  Stargate  
  67  7:16  Stargate  
  67  7:19  Stargate  
  67  7:21  Probe x2  
  69  7:33  Probe x2  
  71  7:37  Pylon  
  71  7:43  Void Ray (Chrono Boost)  
  71  7:46  Carrier (Chrono Boost)  
  83  7:56  Flux Vanes  
  81  8:02  Shield Battery x2  
  81  8:10  Shield Battery  
  81  8:12  Shield Battery  
  81  8:13  Void Ray  
  81  8:18  Pylon  
  85  8:23  Carrier  
  85  8:24  Carrier  
  97  8:36  Carrier  
  103  8:43  Tempest  
  103  8:46  Assimilator  
  108  9:05  Pylon  
  108  9:06  Pylon, Protoss Air Weapons Level 1 (Chrono Boost)  
  108  9:08  Pylon  
  108  9:09  Pylon  
  108  9:12  Probe  
  108  9:13  Twilight Council  
  109  9:19  Pylon  
  109  9:20  Pylon  
  109  9:23  Tempest, Probe  
  115  9:24  Probe  
  115  9:25  Tempest  
  115  9:27  Tempest x2  
  131  9:35  Probe  
  131  9:36  Probe  
  133  9:40  Tempest  
  138  10:04  Nexus  
  138  10:06  Tempest, Assimilator  
  143  10:08  Tempest  
  143  10:10  Tempest, Assimilator  
  143  10:14  Pylon  
  153  10:15  Pylon  
  153  10:17  Pylon  
  153  10:29  Tempest  
  153  10:32  Carrier  
  155  10:49  Carrier  
  153  10:51  Carrier  
  153  10:53  Carrier  
  154  11:12  Carrier  
  160  11:36  Carrier, Probe x3 (Chrono Boost)  
  169  11:42  Probe (Chrono Boost)  
  173  11:51  Shield Battery  
  173  11:52  Probe x4 (Chrono Boost), Shield Battery  
  173  11:53  Carrier  
  180  11:54  Shield Battery  
  180  11:56  Carrier  
  180  11:57  Probe (Chrono Boost), Shield Battery  
  180  11:58  Carrier, Probe x2  
  180  11:59  Probe, Shield Battery  
  180  12:00  Shield Battery  
  196  12:01  Forge  
  196  12:02  Cybernetics Core  
  196  12:07  Forge  
  196  12:12  Twilight Council  
  196  12:20  Gateway  
  196  12:21  Protoss Air Weapons Level 2  
  196  12:22  Gateway  
  196  12:24  Gateway  
  196  12:26  Gateway x2  
  196  12:27  Gateway  
  196  12:30  Gateway  
  196  12:31  Gateway  
  196  12:37  Protoss Ground Weapons Level 1 (Chrono Boost)  
  196  12:46  Pylon  
  196  12:47  Pylon  
  196  12:49  Pylon  
  196  13:04  Robotics Facility, Probe, Oracle  
  200  13:07  Robotics Facility  
  200  13:10  Robotics Facility  
  200  13:29  Gateway  
  200  13:30  Gateway  
  200  13:32  Gateway  
  200  13:33  Gateway  
  200  13:34  Gateway  
  200  13:59  Probe, Oracle  
  200  14:00  Probe  
  158  14:46  Void Ray x2  
  157  15:02  Robotics Bay, Probe x2  
  157  15:03  Probe  
  154  15:14  Probe  
  155  15:23  Void Ray x2, Nexus  
  163  15:51  Void Ray  
  163  15:54  Oracle  
  163  15:55  Oracle  
  159  15:59  Pylon  
  159  16:00  Void Ray, Pylon  
  159  16:01  Void Ray, Pylon  
  159  16:02  Extended Thermal Lance  
  163  16:12  Assimilator  
  163  16:16  Assimilator  
  163  16:17  Pylon  
  163  16:26  Colossus x3  
  163  16:30  Nexus  
  181  16:34  Oracle  
  181  16:37  Void Ray  
  181  16:38  Void Ray  
  174  16:44  Stalker  
  174  16:45  Stalker x4  
  174  16:46  Stalker x7  
  174  16:47  Stalker x2  
  154  17:08  Assimilator  
  154  17:11  Pylon  
  154  17:13  Pylon, Assimilator  
  154  17:15  Void Ray x2, Pylon  
  154  17:19  Protoss Shields Level 1, Colossus x3  
  180  17:25  Protoss Air Armor Level 1 (Chrono Boost)  
  180  17:29  Protoss Air Weapons Level 3 (Chrono Boost)  
  180  17:33  Carrier x3  
  198  18:05  Stalker x4  
  193  18:06  Stalker  
  177  18:21  Stalker x6  
  177  18:22  Stalker x2  
  185  18:29  Observer x3  
  165  18:42  Carrier x2  
  165  18:43  Carrier x3  
  195  18:50  Observer  
  156  19:28  Stalker x2  
  156  19:29  Stalker x4  
  156  19:30  Stalker x3  
  156  19:31  Stalker x5  
  183  19:47  Carrier x2  
  181  19:56  Stalker x4  
  181  19:57  Stalker x4  
  181  19:58  Stalker  
  186  20:15  Void Ray  
  186  20:22  Carrier  
  194  20:52  Observer  
  194  20:53  Observer x2  
  197  21:22  Stalker x2  
  189  22:27  Probe  
  189  22:28  Probe  
  189  22:29  Probe x2  
Show
View Real Time Build Order
Export as new Build Order

GarHaM Protoss - Winner!

Build Orders: Nexus First 

Get SALT Encoding   

  12  0:02  Probe  
  13  0:19  Pylon  
  13  0:22  Probe  
  14  0:34  Probe  
  15  0:55  Nexus  
  15  1:06  Gateway  
  15  1:12  Assimilator  
  15  1:15  Probe (Chrono Boost)  
  17  1:26  Probe (Chrono Boost)  
  17  1:30  Gateway  
  17  1:39  Assimilator  
  17  1:51  Probe (Chrono Boost)  
  17  1:53  Pylon  
  18  2:00  Probe (Chrono Boost)  
  19  2:03  Cybernetics Core  
  19  2:07  Probe (Chrono Boost)  
  20  2:15  Probe (Chrono Boost)  
  21  2:25  Probe (Chrono Boost)  
  22  2:31  Probe  
  23  2:39  Forge  
  23  2:40  Warp Gate  
  23  2:43  Probe  
  24  2:44  Stalker  
  24  2:49  Adept  
  29  2:59  Probe (Chrono Boost)  
  29  3:07  Probe (Chrono Boost)  
  31  3:16  Probe x2 (Chrono Boost)  
  32  3:22  Probe (Chrono Boost)  
  32  3:24  Adept, Stalker  
  38  3:34  Probe (Chrono Boost)  
  38  3:35  Photon Cannon  
  38  3:39  Assimilator  
  38  3:41  Probe (Chrono Boost)  
  39  3:46  Gateway  
  39  3:48  Probe, Protoss Ground Weapons Level 1 (Chrono Boost)  
  40  4:00  Probe  
  40  4:02  Adept, Stalker  
  42  4:29  Pylon  
  42  4:32  Probe (Chrono Boost)  
  43  4:41  Probe (Chrono Boost)  
  44  4:46  Pylon x2, Probe (Chrono Boost)  
  45  4:54  Adept  
  45  4:55  Adept  
  45  4:56  Stalker  
  51  5:16  Twilight Council  
  51  5:20  Forge  
  51  5:22  Photon Cannon  
  51  5:26  Pylon  
  51  5:32  Stalker  
  51  5:33  Stalker x2  
  57  5:37  Photon Cannon  
  57  5:41  Gateway  
  57  5:45  Gateway  
  57  5:48  Pylon  
  57  5:53  Photon Cannon  
  57  8:38  Assimilator  
  57  9:29  Nexus  
  57  9:33  Assimilator  
  57  9:38  Assimilator  
  57  9:41  Pylon  
  57  9:43  Pylon  
  57  9:45  Pylon  
  57  9:54  Probe  
  58  10:02  Probe  
  59  10:10  Probe  
  59  10:12  Probe  
  60  10:18  Probe  
  61  10:24  Probe  
  63  10:30  Probe  
  64  10:37  Probe  
  65  10:49  Probe  
  66  11:01  Probe  
Tags
 
Add a new tag
Caveats
  • Supply blocks, unpowered buildings, or Contaminate may cause inaccurate times.
  • Supply counts are checked every 10 seconds.